 Dungeon Crawl Stone Soup version 0.27.1-33-g824d729ab1 (webtiles) character file.

Game seed: 16245708859334140449

126 zeram the Sneak (level 5, -1/31 HPs)
             Began as an Octopode Enchanter on Nov 27, 2021.
             Slain by Purgy (3 damage)
             ... in a sewer.
             The game lasted 00:03:27 (2452 turns).

zeram the Sneak (Octopode Enchanter)                Turns: 2452, Time: 00:03:28

Health: -1/31      AC:  1    Str:  8    XL:     5   Next: 9%
Magic:  8/8        EV: 13    Int: 24    God:
Gold:   92         SH:  0    Dex: 12    Spells: 2/8 levels left

rFire    . . .     SeeInvis .   f - +1 dagger (venom)
rCold    + . .     Faith    .   (no shield)
rNeg     . . .     Spirit   .   (helmet restricted)
rPois    .         Reflect  .   (no amulet)
rElec    .         Harm     .   i - +6 ring of intelligence
rCorr    .         Rampage  .   j - ring of protection from cold
Will     .....                  (no ring)
Stlth    ++++......             (no ring)
HPRegen  0.10/turn              (no ring)
MPRegen  0.11/turn              (no ring)
                                (no ring)
                                (no ring)

@: invisible
A: almost no armour, amphibious, 8 rings, camouflage 1, gelatinous body 1,
(nimble swimmer 1), tentacles
a: no special abilities


You were in a sewer.
You visited 1 branch of the dungeon, and saw 3 of its levels.
You also visited: Sewer.

You collected 92 gold pieces.

Inventory:

Hand Weapons
 a - a +1 dagger
 f - a +1 dagger of venom (weapon)
Jewellery
 i - a +6 ring of intelligence (left tentacle)
 j - a ring of protection from cold (right tentacle)
Scrolls
 d - 2 scrolls of vulnerability
 e - 3 scrolls of teleportation
Potions
 c - a potion of degeneration
 g - a potion of magic {unknown}
 h - a potion of attraction


   Skills:
 + Level 2.0 Short Blades
 + Level 2.5 Dodging
 + Level 6.3 Stealth
 - Level 2.0 Spellcasting
 + Level 3.5 Hexes
 - Level 0.1 Ice Magic


You had 2 spell levels left.
You knew the following spells:

 Your Spells              Type           Power      Damage    Failure   Level
a - Corona                Hex            21%        N/A       2%          1
b - Ensorcelled Hibernat  Hex/Ice        22%        N/A       9%          2
c - Tukima's Dance        Hex            19%        N/A       9%          3

Your spell library contained the following spells:

 Spells                   Type           Power      Damage    Failure   Level
 Animate Skeleton         Necr           4%         N/A       12%         1
 Pain                     Necr           8%         1d4       12%         1
 Static Discharge         Conj/Air       2%         N/A       19%         2
 Confusing Touch          Hex            19%        N/A       9%          3
 Dazzling Flash           Conj/Hex       20%        N/A       17%         3
 Vampiric Draining        Necr           1%         2d6       34%         3
 Lightning Bolt           Conj/Air       1%         1d12      97%         5
 Maxwell's Capacitive Co  Air            1%         ∞         100%        8


Dungeon Overview and Level Annotations

Branches:
Dungeon (3/15)              Sewer (1/1)

Altars:

Annotations:
Sewer Purgy


Innate Abilities, Weirdness & Mutations

You cannot wear most types of armour.
You are amphibious.
You can wear up to eight rings at the same time.
Your skin changes colour to match your surroundings (Stealth+).
Your rubbery body absorbs attacks. (AC +1, EV +1)
((You are camouflaged near water. (Stealth+)))
You have tentacles for arms and can constrict up to eight enemies at once.


Message History

The bat is severely wounded.
The bat hits you.
You hit the bat.
You kill the bat!
No target in view!
Okay, then.
You feel clever.
i - a +6 ring of intelligence (left tentacle)
j - a ring of protection from cold (right tentacle) HP restored.
Things that are here:
a bat corpse; a bat corpse Purgy the Meek comes into view.
Purgy is nearby!
Purgy is nearby!
Purgy is nearby!
Found a scroll of noise and 28 gold pieces.
Found four items.
The helpless Purgy fails to defend himself.
You impale Purgy!!
Purgy is severely wounded.
Purgy bites you but does no damage. Purgy claws you. x2
You hit Purgy.
Purgy is severely wounded.
Purgy misses you. Purgy barely misses you. Purgy claws you.
You hit Purgy.
Purgy is poisoned.
Purgy is severely wounded.
Purgy bites you. Purgy claws you. Purgy completely misses you.
You hit Purgy but do no damage.
Purgy is severely wounded.
Purgy bites you. Purgy barely misses you. Purgy claws you.
You barely miss Purgy. Your squeeze misses Purgy.
Purgy is severely wounded.
Purgy bites you but does no damage. Purgy claws you. x2
* * * LOW HITPOINT WARNING * * *
You fade into invisibility!
Purgy bites you.
* * * LOW HITPOINT WARNING * * *
Purgy claws you.
You die...

##...## ##.## #.#
#.# ####### #.#
##.....## #.#
#$......# #.#
#/$.....####.#######
#)?.T@..............
#!$.....############
#$......# ##.....##
#######


You could see Purgy (very poisoned).

Vanquished Creatures
  A hound (D:1)
  Jessica (D:2)
  2 adders
  A worm (D:3)
  A dart slug (D:2)
  3 endoplasms
  2 giant cockroaches
  3 goblins
  2 hobgoblins
  4 jackals (D:3)
  8 ball pythons
  8 bats
  4 frilled lizards (D:2)
  4 kobolds
  4 rats (D:1)
48 creatures vanquished.

Notes
Turn   | Place    | Note
-------+----------+-------------------------------------------
     0 | D:1      | zeram the Octopode Enchanter began the quest for the Orb.
     0 | D:1      | Reached XP level 1. HP: 11/11 MP: 3/3
   241 | D:1      | Found a faded altar of an unknown god.
   292 | D:1      | Reached XP level 2. HP: 15/17 MP: 5/5
   807 | D:2      | Reached skill level 5 in Stealth
   839 | D:2      | Noticed Jessica
  1042 | D:1      | Reached XP level 3. HP: 8/21 MP: 6/6
  1230 | D:1      | Learned a level 2 spell: Ensorcelled Hibernation
  1331 | D:2      | Killed Jessica
  1332 | D:2      | Reached XP level 4. HP: 16/27 MP: 0/7
  1775 | D:2      | Reached skill level 6 in Stealth
  1813 | D:2      | Learned a level 3 spell: Tukima's Dance
  2296 | D:3      | Reached XP level 5. HP: 31/31 MP: 8/8
  2344 | D:3      | Found a glowing drain.
  2357 | Sewer    | Entered a sewer
  2440 | Sewer    | Noticed Purgy
  2452 | Sewer    | Slain by Purgy

Illustrated notes

Levels and vault maps discovered:
D:1:      eino_arrival_water_star, layout_loops_ring,
          chequers_ecumenical_altar_twisty, minmay_tetromino_s4
D:2:      layout_basic, uniq_jessica
D:3:      layout_loops_ring, cheibrodos_sewer_entry_bend,
          palyth_stone_intersect, minmay_misc_feat_square,
          kennysheep_generic_room_11, uniq_terence
Sewer:    sewer_big_baddie

Skill      XL: |  1  2  3  4  5 |
---------------+----------------+-----
Stealth        | 5 6 |  6.3
Short Blades   | 2 |  2.0
Dodging        | |  2.5
Spellcasting   | |  2.0
Hexes          | |  3.5
Ice Magic      | |  0.1

Action                   |  1- 3 |  4- 6 || total
-------------------------+-------+-------++-------
Melee: Dagger            |    35 |    64 ||    99
       Constrict         |     6 |    15 ||    21
       Tentacles         |     2 |     8 ||    10
 Cast: Ensorcelled Hiber |     5 |       ||     5
  Use: Scroll            |       |     8 ||     8
       Potion            |       |     1 ||     1
 Stab: Sleeping          |     8 |    13 ||    21
Armor: Skin              |     1 |     8 ||     9
Dodge: Dodged            |    25 |    47 ||    72
